AoeStats
← MZTK | JONVI

Arena

507361678Analyzed
2v2 RM · 14d ago on Sep 17, 2026· 41m 27s· 4 players
Game mode
Random Map
Map size
Medium (4 player)
Population
200
Speed
Normal
Resources
Standard
Victory
Conquest
Starting age
Dark Age
Ending age
Imperial Age
RankedLock teamsTeams togetherTeam positionsShared explorationLock speedFull tech treeHidden civsTurbo modeCheats
Victory
Defeat
🇪🇸 Turks · Spain
1378
+12
🇪🇸 Spanish · Spain
1140
+22
🇦🇷 Cumans · Argentina
1278
-17
🇦🇷 Burgundians · Argentina
1277
-17
MZTK | JONVI
10:03 Feudal Age
14:31 Loom
22:09 Castle Age
21:55 Double-Bit Axe
28:05 Padded Archer Armor
30:41 Leather Archer Armor
30:58 Town Watch
33:36 Fletching
37:16 Wheelbarrow
firefighter25
10:56 Feudal Age
14:58 Castle Age
20:48 Imperial Age
22:00 Gold Mining
21:57 Double-Bit Axe
37:41 Horse Collar
38:43 Padded Archer Armor
41:19 Leather Archer Armor
AgusssMetall
6:11 Loom
9:17 Feudal Age
15:41 Wheelbarrow
16:29 Double-Bit Axe
21:51 Castle Age
20:20 Horse Collar
22:39 Bow Saw
22:30 Heavy Plow
25:34 Cavalier
26:29 Forging
26:24 Scale Barding Armor
29:12 Hand Cart
29:51 Light Cavalry
37:30 Elite Skirmisher
Coneishon
6:27 Loom
9:16 Feudal Age
21:04 Castle Age
20:35 Double-Bit Axe
20:41 Gold Mining
21:06 Scale Barding Armor
21:55 Bloodlines
23:59 Horse Collar
25:08 Bow Saw
26:30 Forging
28:39 Wheelbarrow
30:36 Hand Cart
32:35 Chain Barding Armor
33:29 Iron Casting
33:38 Heavy Plow
34:38 Gold Shaft Mining
39:09 Imperial Age
37:19 Town Watch
39:18 Elite Steppe Lancer
41:00 Plate Barding Armor
Connection lost

Rejoining the realm…

Still unreachable

The connection could not be restored.

Session expired

The server has moved on; the page needs a fresh start.